 Dungeon Crawl Stone Soup version 0.30-a0-723-gc1506a1cf0 (webtiles) character file.

Game seed: 17902490441597395509

1 iguanaiguana the Sneak (level 1, -1/18 HPs)
             Began as a Mummy Delver on Jan 28, 2023.
             Killed by divine providence
             ... invoked by an orc priest
              (10 damage)
             ... on level 4 of the Dungeon.
             The game lasted 00:02:33 (75 turns).

iguanaiguana the Sneak (Mummy Delver)                 Turns: 75, Time: 00:02:34

Health: -1/18      AC:  3    Str: 15    XL:     1   Next: 16%
Magic:  1/1        EV: 11    Int:  9    God:
Gold:   0          SH:  0    Dex: 13    Spells: 0/0 levels left

rFire   x . .      SeeInvis .    a - +0 short sword
rCold   + . .      Faith    +    (no shield)
rNeg    + + +      Spirit   .    b - +0 leather armour
rPois   ∞          Reflect  .    (no helmet)
rElec   .          Harm     .    (no cloak)
rCorr   .          Rampage  .    (no gloves)
Will    .....                    (no boots)
Stlth   ++                       (no amulet)
HPRegen 0.23/turn                (no ring)
MPRegen 0.07/turn                (no ring)

@: no status effects
A: cold resistance 1, negative energy resistance 3, torment resistance 2, heat
vulnerability 1, no potions, faith
a: no special abilities


You were on level 4 of the Dungeon.
You visited 1 branch of the dungeon, and saw 3 of its levels.

Inventory:

Hand Weapons
 a - a +0 short sword (weapon)
Missiles
 d - 3 poisoned darts (quivered)
Armour
 b - a +0 leather armour (worn)
Wands
 f - a wand of digging (2) {@v3}
Scrolls
 c - a scroll of identify {unknown}
 e - a scroll of fear


   Skills:
 + Level 3.1 Fighting
 - Level 1.5 Short Blades
 - Level 1.5 Dodging
 - Level 4.1 Stealth


You couldn't memorise any spells.
You didn't know any spells.
Your spell library was empty.

Dungeon Overview and Level Annotations

Branches:
Dungeon (6/15) Zot: 17923
 Temple: D:4-7

Altars:

Annotations:
D:4 exclusions: 3 gnolls and kobold
D:5 Grinder


Innate Abilities, Weirdness & Mutations

You are immune to poison.
Your flesh is cold resistant. (rC+)
You are immune to negative energy. (rN+++)
You are immune to unholy pain and torment.
You are vulnerable to heat. (rF-)
You do not drink.
You have a special connection with the divine. (Faith)


Message History

You feel aware of your surroundings.
Aiming: Dig
Press: ? - help, Shift-Dir - straight line You can't see that place.
The rock shatters into small pieces.
As you read the scroll of fog, it crumbles to dust.
The scroll dissolves into smoke.
An adder comes into view.
Found 16 gold pieces.
There is a stone staircase leading up here.
You climb upwards.
Found a fizzy black potion and a scroll labelled GONEIM JUPSAL.
There is a stone staircase leading down here.
Okay, then.
Found a scroll labelled QENUN RUHAVAQAQE.
A kobold comes into view. It is wielding a +2 whip of pain.
You see here a scroll labelled GONEIM JUPSAL.
c - a scroll labelled GONEIM JUPSAL 3 gnolls come into view.
Okay, then.
Unknown command.
Unknown command.
A quokka comes into view.
Found 3 poisoned darts.
The helpless quokka fails to defend itself.
You puncture the quokka!
You kill the quokka!
You see here a quokka corpse.
d - 3 poisoned darts An orc priest comes into view.
It is wielding a +0 war axe.
The orc priest shouts!
The orc priest mumbles some strange prayers to Beogh against you.
Beogh smites you!
Ouch! That really hurt!
* * * LOW HITPOINT WARNING * * *
Okay, then.
The orc priest calls down the wrath of Beogh upon you.
Beogh smites you!
Ouch! That really hurt!
You die...

#.# #...#####
#.####.###
#####.!....#
#.........##
##.###...>.#
##.####....##
#.##..#....#
#.#†#.#....#
##.##@#....#
###o##....#
#.# #.####
..# #.# #.#
#. ##


You could see an orc priest.

Vanquished Creatures
  A quokka (D:4)
1 creature vanquished.

Notes
Turn   | Place    | Note
-------+----------+-------------------------------------------
     0 | D:5      | iguanaiguana the Mummy Delver began the quest for the Orb.
     0 | D:5      | Reached XP level 1. HP: 18/18 MP: 1/1
    12 | D:5      | Noticed Grinder
    74 | D:4      | Noticed an orc priest
    75 | D:4      | Killed from afar by an orc priest

Illustrated notes

Levels and vault maps discovered:
D:4:      layout_basic, marbit_many_paths, mainiacjoe_overflow_small_starburst
D:5:      layout_basic, uniq_sigmund, uniq_duvessa, uniq_grinder
D:6:      layout_cave_pods, skrybe_limestone_x, minmay_misc_feat_rugged,
          uniq_maggie

Action                     || total
---------------------------++-------
  Melee: Short sword       ||     1
  Evoke: Wand              ||     1
    Use: Scroll            ||     2
   Stab: Sleeping          ||     1

Table legend: (Time is in decaauts)
 A = Elapsed time spent in this place.
 B = Non-inter-level travel time spent in this place.
 C = Inter-level travel time spent in this place.
 D = Time resting spent in this place.
 E = Time spent auto-exploring this place.
 F = Levels seen in this place.
 G = Mean time per level.
                   A        B        C        D        E       F      G
               +--------+--------+--------+--------+--------+-----+--------+
         Total |     75 |     75 |      0 |      0 |      0 |   3 |   25.0 |
       Dungeon |     75 |     75 |      0 |      0 |      0 |   3 |   25.0 |
               +--------+--------+--------+--------+--------+-----+--------+

Top non-repeatable levels by time:
     D:4: 45 daAuts
     D:5: 27 daAuts
     D:6: 1 daAuts
